Map: Затон РВ

Players

ELESTRAGO - Winner!

  • Race: Terran Terran
  • League: Master
  • Spawn Location: 5:00

FreDaeGu

  • Race: Zerg Zerg
  • League: Master
  • Spawn Location: 11:00

VOD

Have the link to the VOD?

Description

Time

  • Played on: March 21, 2018, 2:59 p.m.
  • Length: 25:55
Show
View Real Time Build Order
Export as new Build Order

ELESTRAGO Terran - Winner!

Build Orders: Hellion Banshee, Mech 

Get SALT Encoding   

  12  0:01  SCV  
  13  0:13  SCV  
  14  0:17  Supply Depot  
  14  0:25  SCV  
  15  0:39  SCV  
  15  0:41  Barracks  
  16  0:43  Refinery  
  16  0:51  SCV  
  17  1:03  SCV  
  18  1:15  SCV  
  19  1:29  Orbital Command  
  19  1:30  Marine  
  20  1:50  Command Center  
  20  1:55  Factory  
  20  1:58  SCV  
  21  2:04  Barracks Reactor  
  21  2:08  Supply Depot  
  21  2:10  SCV  
  22  2:23  SCV  
  22  2:25  Refinery  
  22  2:35  SCV  
  22  2:40  Starport  
  22  2:44  Marine x2  
  23  2:47  SCV  
  25  2:59  SCV  
  26  3:10  Hellion x2  
  26  3:11  Marine, SCV  
  32  3:17  Medivac  
  34  3:25  Armory, SCV  
  35  3:29  Orbital Command  
  35  3:38  Hellion  
  35  3:40  Hellion  
  39  3:42  SCV  
  40  3:50  Starport Tech Lab  
  40  3:53  Supply Depot  
  40  3:59  Hellion  
  42  4:07  Hellion  
  42  4:08  SCV x2  
  46  4:10  Cloaking Field  
  46  4:15  Banshee  
  49  4:21  SCV x2  
  51  4:24  Supply Depot  
  51  4:30  Hellion  
  53  4:34  SCV  
  54  4:46  Hellion, SCV  
  54  4:49  SCV  
  54  4:51  Hellion  
  60  4:58  SCV  
  57  5:01  SCV  
  51  5:07  Banshee  
  51  5:08  Hellion  
  51  5:12  SCV  
  51  5:13  SCV, Supply Depot  
  56  5:19  Command Center  
  56  5:21  Refinery  
  56  5:23  Refinery  
  56  5:24  SCV  
  56  5:28  SCV  
  58  5:37  SCV  
  59  5:46  Hellion x2  
  59  5:48  SCV  
  59  5:49  SCV  
  60  5:53  Engineering Bay  
  58  6:00  SCV  
  58  6:01  SCV  
  58  6:02  Banshee  
  63  6:05  Barracks Reactor  
  63  6:09  Factory x2  
  63  6:12  SCV, Supply Depot  
  63  6:13  SCV  
  65  6:24  Hellion  
  65  6:25  Hellion  
  69  6:27  SCV  
  69  6:31  SCV  
  69  6:32  Orbital Command  
  71  6:34  Supply Depot x2  
  71  6:39  SCV  
  72  6:43  Terran Vehicle And Ship Armor Level 1, SCV  
  72  6:46  Armory  
  76  6:49  Marine x2  
  76  6:51  SCV  
  79  6:55  SCV  
  80  7:03  SCV x2  
  80  7:07  Factory Tech Lab  
  82  7:10  Factory Tech Lab, Starport  
  82  7:11  Starport  
  82  7:15  Starport  
  79  7:16  Banshee  
  79  7:20  SCV x2  
  84  7:24  SCV  
  84  7:27  Hellion, Siege Tank  
  84  7:28  Hellion  
  92  7:31  Siege Tank  
  92  7:32  Hyperflight Rotors, SCV x2  
  92  7:34  Terran Ship Weapons Level 1  
  92  7:36  SCV  
  98  7:37  Refinery  
  98  7:38  Refinery  
  98  7:44  SCV x2  
  98  7:48  SCV  
  99  7:56  SCV x2  
  101  7:58  Banshee  
  101  8:00  Starport Tech Lab, Viking x2  
  101  8:01  Hellion  
  101  8:02  SCV  
  109  8:10  SCV  
  108  8:14  Hellion  
  108  8:21  SCV, Supply Depot  
  108  8:22  Supply Depot  
  108  8:23  Supply Depot x2  
  108  8:25  Command Center  
  109  8:29  Engineering Bay  
  109  8:32  Building Armor  
  109  8:39  Missile Turret  
  109  8:42  SCV, Siege Tank  
  109  8:43  Hellion x2, Banshee x2  
  109  8:44  Viking  
  109  8:45  SCV x2, Siege Tank  
  130  8:51  Infernal Pre-Igniter  
  130  8:55  SCV  
  131  8:57  SCV  
  131  8:58  SCV  
  133  9:07  SCV  
  133  9:08  Missile Turret  
  135  9:10  SCV x2  
  136  9:22  Hellion, Siege Tank x2  
  141  9:29  Refinery  
  141  9:32  Refinery  
  141  9:37  Hellion, SCV  
  142  9:46  Banshee x2  
  142  9:48  Viking x2  
  152  10:03  SCV x3  
  155  10:13  Supply Depot  
  155  10:14  Supply Depot x2  
  155  10:16  SCV  
  155  10:17  Supply Depot  
  156  10:28  Terran Ship Weapons Level 2  
  156  10:30  Terran Vehicle And Ship Armor Level 2, Starport  
  156  10:31  Starport  
  156  10:34  SCV x2, Viking  
  156  10:35  Hellion x2, Viking x2  
  168  10:36  Banshee  
  168  10:40  Supply Depot  
  173  10:42  SCV  
  173  10:46  SCV  
  173  10:47  Planetary Fortress  
  173  10:49  SCV  
  174  10:55  SCV  
  175  10:59  SCV  
  175  11:01  SCV  
  177  11:04  Banshee  
  177  11:05  Command Center  
  177  11:07  SCV  
  177  11:09  Thor x2  
  177  11:10  Viking  
  195  11:14  Starport Tech Lab  
  195  11:15  Supply Depot  
  195  11:16  Starport Tech Lab  
  195  11:37  Raven, Viking  
  199  11:46  Corvid Reactor  
  199  11:48  Command Center  
  199  11:51  Refinery  
  199  11:52  Refinery  
  197  12:02  Raven  
  197  12:03  Raven x2  
  200  12:28  Sensor Tower  
  198  12:40  SCV  
  198  12:41  SCV  
  199  13:00  Planetary Fortress  
  199  13:12  Starport  
  199  13:13  Starport  
  199  13:15  Command Center, Starport  
  199  13:20  Missile Turret, High Capacity Fuel Tanks, Fusion Core  
  199  13:28  Command Center  
  199  13:30  Command Center  
  137  13:41  Viking x3  
  137  13:42  Raven x2, Viking  
  137  13:43  Thor  
  137  13:44  Hellion x2, Thor  
  126  14:11  Banshee  
  126  14:12  Starport Tech Lab x3, Banshee  
  126  14:13  Hellion x2  
  136  14:18  Planetary Fortress  
  136  14:25  Banshee  
  136  14:26  Thor x2  
  136  14:28  Missile Turret x3  
  151  14:34  Hellion x2  
  151  14:36  Banshee x3, Viking x3  
  168  14:54  Banshee  
  168  14:55  Viking  
  168  14:56  Hellion  
  168  14:57  Hellion  
  168  14:58  Smart Servos  
  176  15:04  SCV x4  
  176  15:06  Raven, Viking x2  
  186  15:08  Viking  
  186  15:09  Siege Tank x2  
  194  15:19  Viking x2  
  198  15:23  Command Center  
  198  15:24  Command Center  
  184  15:29  Raven  
  186  15:36  Command Center  
  186  15:40  Command Center  
  186  15:44  Raven, Viking x3  
  186  15:49  Planetary Fortress  
  194  16:00  Raven, Viking  
  194  16:03  Hellion  
  200  16:17  Terran Ship Weapons Level 3  
  195  16:19  Viking  
  186  16:28  SCV x4  
  190  16:40  SCV x4  
  192  16:52  SCV x3  
  195  16:57  Raven x2  
  164  17:15  Siege Tank x2  
  164  17:16  Hellion x2  
  174  17:24  Planetary Fortress  
  174  17:26  Refinery  
  174  17:27  Planetary Fortress, Refinery  
  174  17:30  SCV  
  174  17:31  Missile Turret  
  174  17:32  Missile Turret  
  174  17:33  Refinery  
  174  17:34  Refinery  
  155  17:37  Hellion x2  
  130  17:52  Banshee x3  
  130  17:55  Siege Tank x2  
  130  17:58  SCV x3  
  148  17:59  Hellion x2  
  148  18:01  Orbital Command  
  152  18:11  Missile Turret  
  152  18:16  Planetary Fortress  
  152  18:26  Hellion x2  
  152  18:27  Siege Tank x2  
  159  18:29  Command Center  
  159  18:30  Factory  
  159  18:31  Command Center, Factory  
  162  18:40  SCV  
  162  18:41  SCV x4  
  152  18:52  SCV  
  152  18:53  SCV x2  
  157  18:56  Hellion x2  
  157  18:57  Battlecruiser x4  
  157  18:59  Siege Tank x2  
  189  19:06  Terran Vehicle And Ship Armor Level 3  
  189  19:08  Terran Vehicle Weapons Level 1  
  191  19:17  Hellion x2  
  185  19:26  Factory Tech Lab x2  
  185  19:28  Battlecruiser  
  193  19:31  Hellion  
  193  19:50  Planetary Fortress  
  193  19:51  Planetary Fortress  
  193  20:00  Battlecruiser  
  199  20:07  Refinery  
  199  20:08  Missile Turret  
  199  20:09  Missile Turret  
  199  20:11  Refinery  
  196  20:20  Hellion x2, Siege Tank x2  
  200  20:26  Weapon Refit  
  200  20:39  Command Center  
  193  20:59  Battlecruiser x2  
  162  21:44  Battlecruiser x3  
  162  21:45  Hellion x5  
  162  21:46  Hellion  
  157  21:59  Planetary Fortress  
  154  22:06  Hellion  
  156  22:21  Battlecruiser x2  
  156  22:22  Raven x2  
  172  22:23  Hellion x4  
  172  22:24  Hellion, SCV  
  172  22:28  Hellion  
  176  22:48  Raven  
  176  22:50  Battlecruiser x2, Hellion  
  176  22:51  Hellion  
  194  22:52  SCV  
  195  23:08  Viking x2  
  199  23:15  Missile Turret x2  
  199  23:16  Missile Turret  
  198  23:29  SCV x2  
  200  24:02  Hi-Sec Auto Tracking  
Show
View Real Time Build Order
Export as new Build Order

FreDaeGu Zerg 

Build Orders: Pool First 

Get SALT Encoding   

  12  0:00  Drone  
  13  0:13  Overlord  
  13  0:17  Drone  
  14  0:31  Drone x2  
  17  0:35  Drone  
  17  0:46  Spawning Pool  
  17  0:49  Drone  
  17  1:12  Hatchery  
  17  1:13  Drone  
  17  1:27  Extractor  
  16  1:33  Zergling x2  
  16  1:34  Zergling x4  
  19  1:40  Queen  
  19  1:44  Overlord  
  21  1:55  Drone  
  22  2:06  Drone  
  23  2:17  Drone  
  23  2:19  Queen  
  26  2:28  Drone x2  
  28  2:35  Queen  
  28  2:36  Drone  
  31  2:38  Drone  
  32  2:46  Drone  
  32  2:50  Drone x3  
  35  2:57  Hatchery  
  33  3:05  Drone x2  
  33  3:06  Drone  
  33  3:09  Metabolic Boost  
  35  3:16  Overlord  
  35  3:31  Drone  
  35  3:32  Overlord  
  36  3:34  Queen  
  36  3:35  Drone  
  36  3:36  Drone x2  
  36  3:37  Drone x2  
  43  3:47  Roach Warren  
  43  3:48  Extractor  
  41  3:50  Queen  
  41  3:53  Drone x2  
  41  3:55  Drone  
  46  3:58  Zergling x2  
  46  3:59  Zergling x2  
  46  4:00  Zergling x2  
  49  4:04  Overlord  
  49  4:09  Overlord  
  49  4:22  Queen  
  51  4:25  Queen  
  51  4:28  Roach x2  
  51  4:29  Roach x2  
  61  4:37  Overlord x2  
  58  4:55  Queen  
  58  5:03  Roach x4  
  66  5:10  Lair  
  66  5:11  Overlord  
  66  5:12  Overlord x2  
  66  5:35  Drone x6  
  67  5:36  Drone x3  
  69  5:45  Drone x3  
  69  5:46  Drone x3  
  75  5:50  Spore Crawler  
  75  5:53  Spore Crawler  
  75  5:55  Spore Crawler  
  72  6:02  Drone x4  
  74  6:05  Extractor  
  74  6:07  Overseer  
  74  6:11  Drone x3  
  75  6:18  Drone x2, Extractor  
  75  6:19  Drone  
  75  6:27  Drone x3  
  75  6:28  Drone x4  
  75  6:30  Drone  
  75  6:31  Drone  
  75  6:32  Glial Reconstitution  
  84  6:37  Drone x2  
  84  6:39  Evolution Chamber  
  85  6:40  Evolution Chamber  
  85  6:46  Hydralisk Den  
  83  6:47  Drone  
  83  6:48  Drone x3  
  83  6:50  Drone  
  83  6:51  Drone x2  
  83  6:53  Overlord  
  90  6:56  Overlord  
  90  7:07  Zerg Missile Weapons Level 1  
  90  7:10  Zerg Ground Armor Level 1  
  91  7:15  Drone x2, Extractor  
  91  7:16  Drone x2, Extractor  
  91  7:17  Hatchery, Drone  
  91  7:18  Drone  
  91  7:20  Drone  
  94  7:26  Overseer, Grooved Spines  
  94  7:28  Hydralisk  
  96  7:30  Hydralisk  
  96  7:35  Hydralisk x2  
  100  7:43  Overlord  
  100  7:44  Overlord x3  
  100  8:01  Overlord  
  100  8:02  Overlord x4  
  96  8:14  Drone  
  96  8:15  Drone  
  96  8:16  Hydralisk x3  
  96  8:17  Hydralisk x5  
  96  8:18  Overlord  
  114  8:23  Drone  
  114  8:24  Infestation Pit  
  114  8:32  Queen  
  114  8:33  Spire  
  115  8:37  Muscular Augments  
  115  8:41  Spore Crawler  
  114  8:45  Drone  
  114  8:46  Drone x6  
  114  8:47  Drone x5  
  126  8:51  Pneumatized Carapace  
  126  8:55  Drone x4  
  129  8:56  Drone  
  129  8:59  Drone x3  
  129  9:00  Drone  
  135  9:03  Overlord  
  135  9:08  Hive  
  135  9:12  Zerg Missile Weapons Level 2  
  133  9:24  Ravager x2  
  135  9:25  Zerg Ground Armor Level 2  
  135  9:28  Drone, Extractor  
  135  9:29  Drone, Extractor  
  135  9:31  Spore Crawler, Hydralisk x4  
  134  9:32  Hydralisk x2  
  146  9:44  Overseer x3  
  146  9:45  Overseer  
  118  9:56  Hydralisk  
  118  9:57  Hydralisk x9  
  118  9:58  Roach  
  132  10:05  Spine Crawler  
  131  10:07  Spine Crawler, Hydralisk x4  
  131  10:08  Hydralisk  
  140  10:20  Greater Spire  
  140  10:33  Roach x13  
  140  10:34  Roach  
  140  10:35  Overlord x3  
  168  11:01  Corruptor x2  
  168  11:02  Corruptor x4  
  180  11:18  Hatchery  
  180  11:21  Overlord x3  
  179  11:34  Viper x3  
  179  11:35  Viper  
  179  11:36  Evolution Chamber x2  
  179  11:39  Roach x3, Evolution Chamber  
  194  12:12  Zerg Flyer Armor Level 1  
  194  12:19  Ravager x4  
  198  12:34  Hatchery  
  173  13:00  Brood Lord x5  
  173  13:01  Brood Lord  
  173  13:02  Corruptor x4  
  183  13:30  Extractor x2  
  165  13:35  Hatchery, Hydralisk  
  165  13:36  Hydralisk x14  
  165  13:37  Hydralisk  
  165  13:38  Roach  
  168  13:46  Corruptor x2  
  130  13:55  Hydralisk  
  130  13:56  Hydralisk x3  
  138  14:06  Overseer  
  138  14:08  Overseer x3  
  138  14:09  Overseer  
  136  14:14  Drone x2  
  136  14:15  Drone x2  
  136  14:16  Drone x2  
  143  14:25  Zerg Missile Weapons Level 3  
  143  14:26  Hatchery  
  143  14:30  Zerg Ground Armor Level 3  
  142  14:31  Zergling x2  
  142  14:32  Zergling x44  
  142  14:33  Zergling x26  
  176  14:51  Hydralisk x4  
  176  14:52  Hydralisk x3  
  190  14:56  Overlord x3  
  190  15:05  Overlord x2  
  183  15:08  Adrenal Glands  
  168  15:26  Viper x4  
  147  15:29  Hydralisk  
  147  15:30  Hydralisk x4  
  147  15:31  Zergling x2  
  147  15:32  Zergling x16  
  151  15:39  Drone x3  
  151  15:40  Drone x3  
  151  15:42  Hydralisk x5  
  161  15:45  Extractor  
  161  15:46  Overseer x3  
  161  15:48  Overseer  
  161  15:49  Overseer  
  166  15:50  Extractor  
  166  15:56  Hydralisk x4  
  168  16:07  Hydralisk x4  
  168  16:08  Hydralisk x2  
  168  16:09  Zergling x4  
  168  16:19  Hydralisk x2  
  152  16:28  Overlord x2  
  152  16:29  Overlord x3  
  144  16:45  Overseer x4  
  144  16:46  Hydralisk  
  140  16:47  Hydralisk x9  
  160  16:55  Hydralisk  
  160  16:56  Hydralisk x2  
  160  16:57  Zergling x4  
  163  17:04  Hydralisk x3  
  163  17:06  Zergling x2  
  152  17:12  Hydralisk x2  
  152  17:14  Zergling x2  
  142  17:25  Hydralisk x3  
  134  17:41  Hydralisk x4  
  123  17:57  Extractor  
  122  17:59  Hatchery  
  121  18:21  Viper x3  
  121  18:23  Viper  
  121  18:26  Extractor  
  132  18:28  Hatchery  
  132  18:30  Extractor  
  128  18:34  Hydralisk  
  128  18:35  Hydralisk  
  126  18:56  Corruptor x2  
  126  18:57  Corruptor  
  126  18:58  Corruptor  
  130  19:19  Hatchery  
  126  19:26  Drone x3  
  129  19:38  Corruptor x5  
  139  19:53  Zerg Melee Weapons Level 1  
  139  20:04  Drone x3  
  139  20:06  Corruptor  
  139  20:07  Corruptor  
  146  20:28  Corruptor x6  
  143  21:04  Hydralisk x9  
  140  21:05  Zergling x2  
  158  21:18  Drone x3  
  158  21:19  Drone x3  
  126  21:40  Hydralisk  
  126  21:41  Hydralisk x3  
  126  21:42  Zergling x2  
  87  22:07  Hydralisk x5  
  96  22:09  Zergling x2  
  95  22:25  Hydralisk x4  
  99  22:39  Hydralisk x3  
  99  22:40  Zergling x2  
  95  22:53  Hydralisk x3  
  95  22:55  Zergling x2  
  89  23:13  Hatchery  
  85  23:28  Hydralisk x4  
  85  23:29  Hydralisk  
  87  23:43  Hatchery  
  85  24:03  Pathogen Glands  
  85  24:11  Burrow  
  85  24:25  Infestor  
  85  24:26  Infestor x6  
  85  24:27  Infestor  
  85  24:31  Hydralisk  
  103  24:41  Hydralisk x2  
  103  24:43  Zergling x2  
  104  24:59  Hydralisk x5  
Tags
 
Add a new tag
Caveats
  • Supply blocks, unpowered buildings, or Contaminate may cause inaccurate times.
  • Supply counts are checked every 10 seconds.